APL (24 & UNDER)
MONTGOMERY GREY SOX @ EL PASO TEXANS
08/04/2030
 
TOP OF THE 1ST
Montgomery Grey Sox batting - Pitching for El Paso Texans : LHP Jeffery Cleveland
Pitching: LHP Jeffery Cleveland
Batting: LHB Jorge Garza 0-0: Ground out 3-1 (Groundball, 34)
Batting: RHB José Torres 0-0: Ball
1-0: Ball
2-0: Hit by Pitch
Batting: RHB Vincente Martínez 0-0: Ball
1-0: Called Strike
José Torres steals 2nd base
1-1: Ball
2-1: Ball
3-1: SINGLE (Line Drive, 6D)
José Torres to third
Runner from 3rd tries for Home, SAFE, throw made home
Pitching: RHP Mike Church
Batting: RHB Pedro Castro 0-0: Foul Ball, location: 2F
0-1: Ball
1-1: Swinging Strike
1-2: Ball
2-2: Foul Ball, location: 2F
2-2: Strikes out swinging
Batting: RHB Randall James 0-0: Ball
1-0: Foul Ball, location: 2F
1-1: Ball
2-1: Ball
3-1: Base on Balls
Vincente Martínez to second
Batting: RHB Andrés Jiménez 0-0: Ball
1-0: Ball
2-0: Swinging Strike
2-1: Ball
3-1: Fielders Choice at 2nd, 5-4 (Groundball, 56)
Top of the 1st over - 1 run, 1 hit, 0 errors, 2 left on base; Montgomery 1 - El Paso 0
BOTTOM OF THE 1ST
El Paso Texans batting - Pitching for Montgomery Grey Sox : RHP Roger Fuller
Pitching: RHP Roger Fuller
Batting: SHB António Cervantes 0-0: Foul Ball, location: 2F
0-1: Ball
1-1: Foul Ball, location: 2F
1-2: Fly out, F7 (Flyball, 78S)
Batting: LHB António Fonseca 0-0: Ball
1-0: Foul Ball, location: 2F
1-1: Swinging Strike
1-2: Ball
2-2: Ball
3-2: Foul Ball, location: 2F
3-2: Strikes out swinging
Batting: SHB Oliver Riley 0-0: Ball
1-0: Ball
2-0: Foul Ball, location: 2F
2-1: Foul Ball, location: 2F
2-2: Ball
3-2: DOUBLE (Line Drive, 9D)
Batting: LHB Gus Price 0-0: DOUBLE (Line Drive, 78D)
Oliver Riley scores
Batting: LHB Ismael Báez 0-0: Called Strike
0-1: Ball
1-1: Ball
2-1: Foul Ball, location: 2F
2-2: Ball
3-2: Ground out U3 (Groundball, 34)
Bottom of the 1st over - 1 run, 2 hits, 0 errors, 1 left on base; Montgomery 1 - El Paso 1
TOP OF THE 2ND
Montgomery Grey Sox batting - Pitching for El Paso Texans : RHP Mike Church
Batting: RHB Jorge Romero 0-0: Ball
1-0: Called Strike
1-1: Ball
2-1: Fly out, F6 (Popup, 6)
Batting: RHB Joaquín Medina 0-0: Ball
1-0: Swinging Strike
1-1: Foul Ball, location: 2F
1-2: Ball
2-2: Fly out, F7 (Flyball, 7LMF)
Batting: SHB Rob Lowe 0-0: Foul Ball, location: 2F
0-1: Swinging Strike
0-2: Foul Ball, location: 2F
0-2: Ground out 1-3 (Groundball, 13)
Top of the 2nd over - 0 runs, 0 hits, 0 errors, 0 left on base; Montgomery 1 - El Paso 1
BOTTOM OF THE 2ND
El Paso Texans batting - Pitching for Montgomery Grey Sox : RHP Roger Fuller
Batting: RHB Chris Smith 0-0: Ground out 6-3 (Groundball, 56)
Batting: RHB Domingo Morales 0-0: Ball
1-0: Ball
2-0: Ground out 1-3 (Groundball, 13)
Batting: LHB Roberto Martínez 0-0: Called Strike
0-1: Swinging Strike
0-2: Ball
1-2: Fly out, F5 (Popup, 25F)
Bottom of the 2nd over - 0 runs, 0 hits, 0 errors, 0 left on base; Montgomery 1 - El Paso 1
TOP OF THE 3RD
Montgomery Grey Sox batting - Pitching for El Paso Texans : RHP Mike Church
Batting: LHB Jorge Garza 0-0: Ball
1-0: Swinging Strike
1-1: Ball
2-1: Foul Ball, location: 2F
2-2: Strikes out swinging
Batting: RHB José Torres 0-0: Fly out, F3 (Line Drive, 3)
Batting: RHB Vincente Martínez 0-0: Swinging Strike
0-1: Foul Ball, location: 2F
0-2: Strikes out looking
Top of the 3rd over - 0 runs, 0 hits, 0 errors, 0 left on base; Montgomery 1 - El Paso 1
BOTTOM OF THE 3RD
El Paso Texans batting - Pitching for Montgomery Grey Sox : RHP Roger Fuller
Batting: RHB Ed McVinish 0-0: Fly out, F7 (Flyball, 7LSF)
Batting: SHB António Cervantes 0-0: Called Strike
0-1: Ball
1-1: Ball
2-1: Foul Ball, location: 2F
2-2: Strikes out swinging
Batting: LHB António Fonseca 0-0: Called Strike
0-1: SINGLE (Groundball, 4MD)
Batting: SHB Oliver Riley 0-0: Called Strike
0-1: Ball
1-1: Ball
2-1: Fly out, F3 (Popup, 3L)
Bottom of the 3rd over - 0 runs, 1 hit, 0 errors, 1 left on base; Montgomery 1 - El Paso 1
TOP OF THE 4TH
Montgomery Grey Sox batting - Pitching for El Paso Texans : RHP Mike Church
Batting: RHB Pedro Castro 0-0: Called Strike
0-1: Ball
1-1: DOUBLE (Flyball, 8LD)
Batting: RHB Randall James 0-0: Called Strike
0-1: Swinging Strike
0-2: Foul Ball, location: 2F
0-2: Strikes out swinging
Batting: RHB Andrés Jiménez 0-0: Swinging Strike
0-1: Ball
1-1: Swinging Strike
1-2: Strikes out swinging
Batting: RHB Jorge Romero 0-0: Swinging Strike
0-1: Swinging Strike
0-2: Ball
1-2: Ball
2-2: Foul Ball, location: 2F
2-2: Strikes out swinging
Top of the 4th over - 0 runs, 1 hit, 0 errors, 1 left on base; Montgomery 1 - El Paso 1
BOTTOM OF THE 4TH
El Paso Texans batting - Pitching for Montgomery Grey Sox : RHP Roger Fuller
Batting: LHB Gus Price 0-0: SINGLE (Line Drive, 6M)
Batting: LHB Ismael Báez 0-0: Ball
1-0: Ground out 4-3 (Groundball, 34)
Gus Price to second
Batting: RHB Chris Smith 0-0: Called Strike
0-1: Swinging Strike
0-2: Ball
1-2: Strikes out swinging
Batting: RHB Domingo Morales 0-0: Called Strike
0-1: Called Strike
0-2: Ball
1-2: Strikes out looking
Bottom of the 4th over - 0 runs, 1 hit, 0 errors, 1 left on base; Montgomery 1 - El Paso 1
TOP OF THE 5TH
Montgomery Grey Sox batting - Pitching for El Paso Texans : RHP Mike Church
Batting: RHB Joaquín Medina 0-0: DOUBLE (Line Drive, 9LM)
Batting: SHB Rob Lowe 0-0: Called Strike
0-1: Swinging Strike
0-2: Foul Ball, location: 2F
0-2: Ball
1-2: Ball
2-2: Ball
3-2: Foul Ball, location: 2F
3-2: Strikes out swinging
Batting: LHB Jorge Garza 0-0: SINGLE (Flyball, 9LS) - OUT at second base trying to stretch hit.
Joaquín Medina scores
Pitching: RHP Derek Baker
Batting: RHB José Torres 0-0: Ball
1-0: Called Strike
1-1: Swinging Strike
1-2: Ball
2-2: Strikes out looking
Top of the 5th over - 1 run, 2 hits, 0 errors, 0 left on base; Montgomery 2 - El Paso 1
BOTTOM OF THE 5TH
El Paso Texans batting - Pitching for Montgomery Grey Sox : RHP Roger Fuller
Batting: LHB Roberto Martínez 0-0: Called Strike
0-1: Ground out 4-3 (Groundball, 4)
Batting: RHB Ed McVinish 0-0: Ground out 5-3 (Groundball, 56)
Batting: SHB António Cervantes 0-0: Swinging Strike
0-1: Swinging Strike
0-2: Strikes out swinging
Bottom of the 5th over - 0 runs, 0 hits, 0 errors, 0 left on base; Montgomery 2 - El Paso 1
TOP OF THE 6TH
Montgomery Grey Sox batting - Pitching for El Paso Texans : RHP Derek Baker
Batting: RHB Vincente Martínez 0-0: Ball
1-0: Ball
2-0: Swinging Strike
2-1: SOLO HOME RUN (Flyball, 7LD), Distance : 386 ft
Batting: RHB Pedro Castro 0-0: Ball
1-0: Ball
2-0: Called Strike
2-1: Ball
3-1: Foul Ball, location: 2F
3-2: Foul Ball, location: 2F
3-2: Base on Balls
Batting: RHB Randall James 0-0: Swinging Strike
0-1: Called Strike
0-2: Ball
1-2: Strikes out looking
Batting: RHB Andrés Jiménez 0-0: Called Strike
0-1: Ball
1-1: Called Strike
1-2: Grounds into double play, 6-4-3 (Groundball, 6)
Top of the 6th over - 1 run, 1 hit, 0 errors, 0 left on base; Montgomery 3 - El Paso 1
BOTTOM OF THE 6TH
El Paso Texans batting - Pitching for Montgomery Grey Sox : RHP Roger Fuller
Batting: LHB António Fonseca 0-0: Swinging Strike
0-1: Swinging Strike
0-2: Ball
1-2: Foul Ball, location: 2F
1-2: SINGLE (Line Drive, 34)
Batting: SHB Oliver Riley 0-0: Called Strike
0-1: Ball
1-1: Foul Ball, location: 2F
1-2: Ball
2-2: Ball
3-2: Foul Ball, location: 2F
3-2: SINGLE (Flyball, 7LS)
António Fonseca to second
Batting: LHB Gus Price 0-0: Fielders Choice at 2nd, 5-4 (Groundball, 5)
António Fonseca to third
Batting: LHB Ismael Báez 0-0: Ball
1-0: Foul Ball, location: 2F
1-1: Called Strike
Gus Price is caught stealing 2nd base
1-2: Ball
2-2: SINGLE (Line Drive, 34D)
António Fonseca scores
Batting: RHB Chris Smith 0-0: Fly out, F8 (Flyball, 78D)
Bottom of the 6th over - 1 run, 3 hits, 0 errors, 1 left on base; Montgomery 3 - El Paso 2
TOP OF THE 7TH
Montgomery Grey Sox batting - Pitching for El Paso Texans : RHP Derek Baker
Pitching: RHP David Alomar
Batting: RHB Jorge Romero 0-0: Foul Ball, location: 2F
0-1: Ball
1-1: Foul Ball, location: 2F
1-2: Ball
2-2: Fly out, F5 (Line Drive, 56)
Batting: RHB Joaquín Medina 0-0: Swinging Strike
0-1: Swinging Strike
0-2: Ball
1-2: Ball
2-2: Strikes out swinging
Batting: SHB Rob Lowe 0-0: Called Strike
0-1: Foul Ball, location: 2F
0-2: Strikes out swinging
Top of the 7th over - 0 runs, 0 hits, 0 errors, 0 left on base; Montgomery 3 - El Paso 2
BOTTOM OF THE 7TH
El Paso Texans batting - Pitching for Montgomery Grey Sox : RHP Roger Fuller
Batting: RHB Domingo Morales 0-0: Ground out 3-1 (Groundball, 34)
Batting: LHB Roberto Martínez 0-0: Swinging Strike
0-1: Called Strike
0-2: Ball
1-2: Foul Ball, location: 2F
1-2: Strikes out swinging
Batting: RHB Ed McVinish 0-0: Called Strike
0-1: Foul Ball, location: 2F
0-2: Ball
1-2: Fly out, F8 (Flyball, 78M)
Bottom of the 7th over - 0 runs, 0 hits, 0 errors, 0 left on base; Montgomery 3 - El Paso 2
TOP OF THE 8TH
Montgomery Grey Sox batting - Pitching for El Paso Texans : RHP David Alomar
Batting: LHB Jorge Garza 0-0: Ball
1-0: Foul Ball, location: 2F
1-1: Ball
2-1: Foul Ball, location: 2F
2-2: Ball
3-2: Strikes out swinging
Batting: RHB José Torres 0-0: Called Strike
0-1: Ball
1-1: SINGLE (Flyball, 7LS)
Pinch Hitting: SHB Wilson Bray 0-0: Ball
1-0: Foul Ball, location: 2F
1-1: Foul Ball, location: 2F
1-2: Foul Ball, location: 2F
1-2: Strikes out swinging
José Torres steals 2nd base
Batter strikes out.
Batting: RHB Pedro Castro 0-0: Ball
1-0: Called Strike
1-1: Called Strike
1-2: Ball
2-2: Ball
3-2: Fly out, F4 (Popup, 3D)
Top of the 8th over - 0 runs, 1 hit, 0 errors, 1 left on base; Montgomery 3 - El Paso 2
BOTTOM OF THE 8TH
El Paso Texans batting - Pitching for Montgomery Grey Sox : RHP Roger Fuller
Pitching: RHP Johannes Hunsberger
Now at 1B: Pedro Farías
Batting: SHB António Cervantes 0-0: Called Strike
0-1: Ball
1-1: Ball
2-1: Ball
3-1: Base on Balls
Batting: LHB António Fonseca 0-0: Ball
1-0: Ground out 5-3 (Groundball, 5)
António Cervantes to second
Batting: SHB Oliver Riley 0-0: Ball
1-0: Ball
2-0: Foul Ball, location: 2F
2-1: Ball
3-1: Swinging Strike
3-2: Base on Balls
Pinch Hitting: LHB Cipriano Rangel 0-0: Ball
1-0: Fly out, F8 (Line Drive, 89D)
Runner from 2nd tags up, SAFE at 3rd, no throw
Pinch Hitting: RHB Rafael Crus 0-0: Foul Ball, location: 2F
0-1: Ball
1-1: Ball
2-1: Swinging Strike
2-2: SINGLE (Groundball, 34S) (infield hit)
António Cervantes scores
Oliver Riley to second
Pinch Hitting: LHB Ramón Ortega 0-0: Called Strike
0-1: Swinging Strike
0-2: Strikes out swinging
Bottom of the 8th over - 1 run, 1 hit, 0 errors, 2 left on base; Montgomery 3 - El Paso 3
TOP OF THE 9TH
Montgomery Grey Sox batting - Pitching for El Paso Texans : RHP David Alomar
Now at 2B: Manny Holguín
Now at 3B: Cipriano Rangel
Now in LF: Rafael Crus
Batting: RHB Randall James 0-0: Foul Ball, location: 2F
0-1: Swinging Strike
0-2: Fly out, F7 (Flyball, 7LMF)
Pinch Hitting: LHB Juan Sánchez 0-0: DOUBLE (Line Drive, 9LM)
Pinch Hitting: RHB Andrew Lewis 0-0: Intentional Walk
Pinch Runner at 2nd Julius Farmer:
Batting: RHB Joaquín Medina 0-0: Ball
1-0: Foul Ball, location: 2F
1-1: Foul Ball, location: 2F
1-2: Ball
2-2: Foul Ball, location: 2F
2-2: Ball
3-2: Foul Ball, location: 2F
3-2: Foul Ball, location: 2F
3-2: Grounds into double play, 1-6-3 (Groundball, P)
Top of the 9th over - 0 runs, 1 hit, 0 errors, 1 left on base; Montgomery 3 - El Paso 3
BOTTOM OF THE 9TH
El Paso Texans batting - Pitching for Montgomery Grey Sox : RHP Johannes Hunsberger
Pitching: RHP Jorge Cherena
Now at 3B: Andrew Lewis
Now at SS: Julius Farmer
Batting: RHB Domingo Morales 0-0: Ball
1-0: Swinging Strike
1-1: Foul Ball, location: 2F
1-2: Ball
2-2: Foul Ball, location: 2F
2-2: Ball
3-2: Base on Balls
Batting: LHB Roberto Martínez 0-0: Ball
1-0: Fly out, F2 (Popup, 2L)
Pinch Hitting: RHB Merlin Dobbin 0-0: Ball
1-0: Fly out, F7 (Flyball, 78M)
Batting: SHB António Cervantes 0-0: Ball
1-0: Called Strike
Throwing error on steal attempt, E2
Domingo Morales to third
1-1: Swinging Strike
1-2: Ball
2-2: Foul Ball, location: 2F
2-2: Ball
3-2: Strikes out swinging
Bottom of the 9th over - 0 runs, 0 hits, 1 error, 1 left on base; Montgomery 3 - El Paso 3
TOP OF THE 10TH
Montgomery Grey Sox batting - Pitching for El Paso Texans : RHP David Alomar
Pitching: LHP Roberto Mercado
Now at SS: Merlin Dobbin
Pinch Hitting: RHB César Heredia 0-0: Called Strike
0-1: Ball
1-1: Ball
2-1: Foul Ball, location: 2F
2-2: Ball
3-2: SINGLE (Line Drive, 6D)
Pinch Hitting: RHB Julián Maez 0-0: Ball
1-0: Bunted foul
1-1: Bunt missed!
1-2: Ball
2-2: Fielders Choice at 2nd, 6-4 (Groundball, 6)
Batting: RHB José Torres 0-0: Called Strike
0-1: TRIPLE (Line Drive, 9LD)
Julián Maez scores
Batting: LHB Pedro Farías 0-0: Called Strike
0-1: Foul Ball, location: 2F
0-2: Ball
1-2: Foul Ball, location: 2F
1-2: Strikes out looking
Batting: RHB Pedro Castro 0-0: Fly out, F8 (Flyball, 8RS)
Top of the 10th over - 1 run, 2 hits, 0 errors, 1 left on base; Montgomery 4 - El Paso 3
BOTTOM OF THE 10TH
El Paso Texans batting - Pitching for Montgomery Grey Sox : RHP Jorge Cherena
Now in CF: César Heredia
Now in RF: José Parra
Batting: LHB António Fonseca 0-0: Foul Ball, location: 2F
0-1: Called Strike
0-2: Strikes out swinging
Batting: SHB Oliver Riley 0-0: Called Strike
0-1: SINGLE (Line Drive, 7)
Batting: LHB Cipriano Rangel 0-0: Ball
1-0: Ball
Oliver Riley steals 2nd base
2-0: SINGLE (Groundball, 34D)
Oliver Riley to third
Runner from 3rd tries for Home, SAFE, no throw
Batting: RHB Rafael Crus 0-0: Fly out, F8 (Flyball, 8RD)
Batting: RHB Manny Holguín 0-0: Ball
1-0: Foul Ball, location: 2F
1-1: Ball
2-1: Swinging Strike
2-2: Foul Ball, location: 2F
2-2: Ground out 5-3 (Groundball, 56S)
Bottom of the 10th over - 1 run, 2 hits, 0 errors, 1 left on base; Montgomery 4 - El Paso 4
TOP OF THE 11TH
Montgomery Grey Sox batting - Pitching for El Paso Texans : LHP Roberto Mercado
Batting: RHB Randall James 0-0: Ball
1-0: Ball
2-0: Called Strike
2-1: Ball
3-1: Ground out 6-3 (Groundball, 6D)
Batting: RHB Julius Farmer 0-0: Called Strike
0-1: Ball
1-1: Ball
2-1: Ball
3-1: Ground out U3 (Groundball, 3S)
Batting: RHB Andrew Lewis 0-0: Foul Ball, location: 2F
0-1: Foul Ball, location: 2F
0-2: Ground out 5-3 (Groundball, 5)
Top of the 11th over - 0 runs, 0 hits, 0 errors, 0 left on base; Montgomery 4 - El Paso 4
BOTTOM OF THE 11TH
El Paso Texans batting - Pitching for Montgomery Grey Sox : RHP Jorge Cherena
Pitching: RHP Tom Reed
Batting: RHB Domingo Morales 0-0: Ground out 5-3 (Groundball, 5)
Batting: LHB Roberto Martínez 0-0: Called Strike
0-1: Ball
1-1: Foul Ball, location: 2F
1-2: Strikes out swinging
Batting: RHB Merlin Dobbin 0-0: Called Strike
0-1: Ball
1-1: Foul Ball, location: 2F
1-2: Ball
2-2: Ball
3-2: Strikes out swinging
Bottom of the 11th over - 0 runs, 0 hits, 0 errors, 0 left on base; Montgomery 4 - El Paso 4
TOP OF THE 12TH
Montgomery Grey Sox batting - Pitching for El Paso Texans : LHP Roberto Mercado
Pitching: RHP Ben Simpson
Batting: RHB Joaquín Medina 0-0: Called Strike
0-1: Foul Ball, location: 2F
0-2: Foul Ball, location: 2F
0-2: Strikes out swinging
Batting: RHB César Heredia 0-0: Swinging Strike
0-1: Foul Ball, location: 2F
0-2: Strikes out swinging
Batting: LHB José Parra 0-0: Ball
1-0: Ball
2-0: Ball
3-0: Base on Balls
Batting: RHB José Torres 0-0: Fly out, F7 (Flyball, 7LD)
Top of the 12th over - 0 runs, 0 hits, 0 errors, 1 left on base; Montgomery 4 - El Paso 4
BOTTOM OF THE 12TH
El Paso Texans batting - Pitching for Montgomery Grey Sox : RHP Tom Reed
Batting: SHB António Cervantes 0-0: Ball
1-0: Ball
2-0: Ball
3-0: Base on Balls
Batting: LHB António Fonseca 0-0: Ball
1-0: Bunt missed!
1-1: Bunted foul
1-2: Fly out, F8 (Flyball, 8RS)
Batting: SHB Oliver Riley 0-0: Ball
1-0: Ball
2-0: Foul Ball, location: 2F
2-1: Swinging Strike
2-2: Fly out, F7 (Flyball, 7S)
Batting: LHB Cipriano Rangel 0-0: Ball
António Cervantes is caught stealing 2nd base
Bottom of the 12th over - 0 runs, 0 hits, 0 errors, 0 left on base; Montgomery 4 - El Paso 4
TOP OF THE 13TH
Montgomery Grey Sox batting - Pitching for El Paso Texans : RHP Ben Simpson
Batting: LHB Pedro Farías 0-0: Swinging Strike
0-1: Ball
1-1: DOUBLE (Flyball, 78D)
Batting: RHB Pedro Castro 0-0: Called Strike
0-1: Called Strike
0-2: Strikes out swinging
Batting: RHB Randall James 0-0: Intentional Walk
Pinch Runner at 2nd Russell Maldonado:
Batting: RHB Julius Farmer 0-0: Called Strike
0-1: Ball
1-1: Ball
2-1: Fly out, F8 (Flyball, 8RS)
Batting: RHB Andrew Lewis 0-0: Ball
1-0: Foul Ball, location: 2F
1-1: Swinging Strike
1-2: Strikes out swinging
Top of the 13th over - 0 runs, 1 hit, 0 errors, 2 left on base; Montgomery 4 - El Paso 4
BOTTOM OF THE 13TH
El Paso Texans batting - Pitching for Montgomery Grey Sox : RHP Tom Reed
Now at 1B: David Vásquez
Batting: LHB Cipriano Rangel 0-0: Ball
1-0: Called Strike
1-1: Ball
2-1: Ground out U3 (Groundball, 3)
Batting: RHB Rafael Crus 0-0: Foul Ball, location: 2F
0-1: Foul Ball, location: 2F
0-2: Ground out 5-3 (Groundball, 56)
Batting: RHB Manny Holguín 0-0: Ground out 6-3 (Groundball, 6S)
Bottom of the 13th over - 0 runs, 0 hits, 0 errors, 0 left on base; Montgomery 4 - El Paso 4
TOP OF THE 14TH
Montgomery Grey Sox batting - Pitching for El Paso Texans : RHP Ben Simpson
Pitching: LHP Jason Hall
Batting: RHB Joaquín Medina 0-0: Ball
1-0: Foul Ball, location: 2F
1-1: Hit by Pitch
Batting: RHB César Heredia 0-0: Called Strike
0-1: Foul Ball, location: 2F
0-2: Foul Ball, location: 2F
0-2: Foul Ball, location: 2F
0-2: Strikes out swinging
Batting: LHB José Parra 0-0: Ball
1-0: Fielders Choice at 2nd, 4-6 (Groundball, 4)
Batting: RHB José Torres 0-0: Called Strike
0-1: Fly out, F9 (Flyball, 89D)
Top of the 14th over - 0 runs, 0 hits, 0 errors, 1 left on base; Montgomery 4 - El Paso 4
BOTTOM OF THE 14TH
El Paso Texans batting - Pitching for Montgomery Grey Sox : RHP Tom Reed
Batting: RHB Domingo Morales 0-0: Ball
1-0: Ground out 5-3 (Groundball, 56)
Batting: LHB Roberto Martínez 0-0: Called Strike
0-1: Called Strike
0-2: Ball
1-2: Strikes out swinging
Batting: RHB Merlin Dobbin 0-0: Ground out 5-3 (Groundball, 56)
Bottom of the 14th over - 0 runs, 0 hits, 0 errors, 0 left on base; Montgomery 4 - El Paso 4
TOP OF THE 15TH
Montgomery Grey Sox batting - Pitching for El Paso Texans : LHP Jason Hall
Batting: RHB David Vásquez 0-0: Ball
1-0: Called Strike
1-1: Ball
2-1: Ball
3-1: Ground out 6-3 (Groundball, 6)
Batting: RHB Pedro Castro 0-0: Foul Ball, location: 2F
0-1: Called Strike
0-2: Strikes out swinging
Batting: RHB Randall James 0-0: Ball
1-0: Swinging Strike
1-1: Swinging Strike
1-2: Strikes out swinging
Top of the 15th over - 0 runs, 0 hits, 0 errors, 0 left on base; Montgomery 4 - El Paso 4
BOTTOM OF THE 15TH
El Paso Texans batting - Pitching for Montgomery Grey Sox : RHP Tom Reed
Batting: SHB António Cervantes 0-0: Called Strike
0-1: Ball
1-1: Foul Ball, location: 2F
1-2: Strikes out swinging
Batting: LHB António Fonseca 0-0: Ball
1-0: Swinging Strike
1-1: Ball
2-1: Ball
3-1: Base on Balls
Pinch Runner at 1st Stephen Black:
Batting: SHB Oliver Riley 0-0: Called Strike
Stephen Black steals 2nd base
0-1: Ball
Stephen Black steals 3rd base
1-1: Intentional Walk
Batting: LHB Cipriano Rangel 0-0: Called Strike
0-1: Foul Ball, location: 2F
0-2: Ball
1-2: Ball
2-2: Fly out, F9 (Flyball, 9LM)
Runner from 3rd tags up, SCORES, no throw
Saturday, April 7th, 2018 - OOTP Baseball 18.8 Build 76